 Dungeon Crawl Stone Soup version 0.28-a0-872-g80cf8599ee (webtiles) character file.

Game seed: 15991701117581433842

114 sanka the Chopper (level 4, 0/37 HPs)
             Began as a Palentonga Abyssal Knight on Nov 20, 2021.
             Was a Believer of Lugonu.
             Slain by an orc (7 damage)
             ... on level 2 of the Dungeon.
             The game lasted 00:03:01 (2433 turns).

sanka the Chopper (Palentonga Abyssal Knight)       Turns: 2433, Time: 00:03:02

Health: 0/37       AC:  4    Str: 17    XL:     4   Next: 67%
Magic:  5/5        EV:  9    Int: 11    God:    Lugonu [**....]
Gold:   63         SH:  0    Dex: 10    Spells: 3/3 levels left

rFire   . . .      SeeInvis +   a - +1 hand axe
rCold   . . .      Faith    .   (no shield)
rNeg    . . .      Spirit   .   b - +0 leather armour
rPois   .          Reflect  .   (no helmet)
rElec   .          Harm     .   (no cloak)
rCorr   .          Rampage  .   (no gloves)
Will    .....                   (no barding)
Stlth   +.........              (no amulet)
HPRegen 0.12/turn               (no ring)
MPRegen 0.09/turn               (no ring)

@: no status effects
A: large, rugged brown scales 3, see invisible, deformed body, roll 1, armoured
tail
a: Rolling Charge, Renounce Religion, Depart the Abyss, Bend Space


You were on level 2 of the Dungeon.
You worshipped Lugonu.
Lugonu was pleased with you.
You visited 1 branch of the dungeon, and saw 3 of its levels.
You visited the Abyss 1 time.

You collected 63 gold pieces.


Innate Abilities, Weirdness & Mutations

You are completely covered in rugged brown scales. (AC +3, +7% HP)
You have supernaturally acute eyesight. (SInv)
Armour fits poorly on your strangely shaped body.
You can roll at nearby foes to attack.
You have a long armoured tail.


   Skills:
 - Level 3.0 Fighting
 + Level 5.0 Axes
 - Level 1.5 Armour
 - Level 0.7 Dodging
 - Level 2.0 Invocations


You had 3 spell levels left.
You didn't know any spells.
Your spell library contained the following spells:

 Spells                   Type           Power      Damage    Failure   Level
 Corpse Rot               Necr/Air       0%         N/A       54%         2
 Poisonous Vapours        Pois/Air       0%         N/A       54%         2

Inventory:

Hand Weapons
 a - a +1 hand axe (weapon)
Missiles
 f - 2 throwing nets {=f}
Armour
 b - a +0 leather armour (worn)
Scrolls
 c - a scroll of silence {!r}
 d - a scroll of immolation {unknown}
 h - a scroll of magic mapping {unknown}
 i - a scroll of blinking
Potions
 g - a potion of mutation {unknown}
 j - a potion of brilliance {unknown}

Dungeon Overview and Level Annotations

Branches:
Dungeon (3/15)

Altars:
Uskayaw
Beogh

.......▒▒▒▒▒..............▒.....▒
.......▒ ▒..▒▒..........▒...).▒
.......▒ ▒..............▒.....▒
▒▒▒▒+▒▒▒ ▒.▒.▒..........▒....▒▒
▒.▒▒▒▒▒▒▒.▒.▒..........▒....▒▒
▒▒▒▒.▒.......▒.▒.................
.....▒............▒.▒▒▒▒▒▒.......
.....▒......▒▒▒...▒.▒▒ ▒.......
.)...▒......▒▒.oH[...▒ ▒.......
▒....▒.....(▒▒.▒..▒..▒ ▒.......
▒....▒......▒▒.▒..▒..▒ ▒.......
▒....▒......▒▒.▒▒.▒..▒ ▒.......
▒....▒......▒▒....▒..▒ ▒.......
▒....▒......▒▒▒▒▒▒▒..▒ ▒.......
▒..▒.................▒ ▒.......
▒..▒▒▒▒▒▒▒▒▒▒▒▒▒▒▒▒.▒▒ ▒.......
▒...................▒ ▒▒▒▒▒▒▒▒


You could see an orc.


Message History

You hit the giant cockroach.
You kill the giant cockroach!
Lugonu accepts your kill.
You closely miss the orc. The orc barely misses you.
Unknown command.
You hit the orc.
The orc is heavily wounded.
The orc hits you with a +0 hand axe.
Unknown command.
You hit the orc but do no damage.
The orc is heavily wounded.
The orc hits you with a +0 hand axe.
Unknown command.
You hit the orc but do no damage.
The orc is heavily wounded.
The orc hits you with a +0 hand axe.
* * * LOW HITPOINT WARNING * * *
You hit the orc but do no damage.
The orc is heavily wounded.
The orc hits you with a +0 hand axe.
* * * LOW HITPOINT WARNING * * *
You hit the orc but do no damage.
The orc is heavily wounded.
The orc hits you with a +0 hand axe.
* * * LOW HITPOINT WARNING * * *
You closely miss the orc.
The orc is heavily wounded.
The orc hits you with a +0 hand axe!
You die...

Action                   |  1- 3 |  4- 6 || total
-------------------------+-------+-------++-------
Melee: Hand axe          |    98 |    21 ||   119
       Tailslap          |    10 |     2 ||    12
 Abil: Rolling Charge    |     2 |     2 ||     4
  Use: Scroll            |       |     2 ||     2
Armor: Leather armour    |    34 |     6 ||    40
Dodge: Dodged            |    47 |     6 ||    53

Levels and vault maps discovered:
D:1:      lightli_arrival_statuegarden, layout_loops_cross,
          hellmonk_ecumenical_altar_defaced_shrine, grunt_decor_clamped,
          chequers_serial_rivers_room_a
D:2:      layout_basic, basic_altar
D:3:      layout_loops_corners, uniq_natasha

Notes
Turn   | Place    | Note
-------+----------+-------------------------------------------
     0 | Abyss:1  | sanka the Palentonga Abyssal Knight began the quest for the
                  | Orb.
     0 | Abyss:1  | Reached XP level 1. HP: 19/19 MP: 2/2
    58 | Abyss:1  | Noticed a large abomination
   109 | Abyss:1  | Noticed a small abomination
   116 | Abyss:1  | Noticed a wizard
   126 | Abyss:2  | Found a corrupted altar of Lugonu.
   132 | D:1      | Escaped the Abyss
   310 | D:1      | Reached XP level 2. HP: 20/25 MP: 3/3
   486 | D:1      | Reached skill level 3 in Axes
   650 | D:1      | Found a faded altar of an unknown god.
   993 | D:1      | Reached XP level 3. HP: 31/31 MP: 4/4
  1313 | D:2      | Reached skill level 4 in Axes
  1725 | D:2      | Reached ** piety under Lugonu
  1792 | D:2      | Reached XP level 4. HP: 37/37 MP: 5/5
  2289 | D:2      | Found a hide-covered altar of Uskayaw.
  2396 | D:2      | Reached skill level 5 in Axes
  2433 | D:2      | Slain by an orc

Vanquished Creatures
  An orc priest (D:2)
  A gnoll (D:1)
  2 adders (D:2)
  A worm (D:2)
  4 dart slugs (D:1)
  3 ball pythons
  2 endoplasms (D:2)
  4 giant cockroaches
  2 goblins
  4 hobgoblins
  4 jackals (D:1)
  5 kobolds
  A quokka (D:2)
  4 bats
  A frilled lizard (D:2)
  5 rats
44 creatures vanquished.
